 Dungeon Crawl Stone Soup version 0.29-a0-82-g837932c90e (webtiles) character file.

Game seed: 45734903850084112

12 cyrus the Sneak (level 2, -7/14 HPs)
             Began as a Felid Delver on Feb 4, 2022.
             Splashed by a jelly's acid (8 damage)
             ... on level 5 of the Dungeon.
             The game lasted 00:00:27 (55 turns).

cyrus the Sneak (Felid Delver)                        Turns: 55, Time: 00:00:31

Health: -7/14      AC: -7    Str:  8    XL:     2   Next: 20%
Magic:  3/3        EV: 17    Int: 11    God:
Gold:   0          SH:  0    Dex: 17    Spells: 1/1 levels left
                                        Lives:  0   Deaths: 0

rFire   . . .      SeeInvis +     - Unarmed
rCold   . . .      Faith    .   (shield unavailable)
rNeg    . . .      Spirit   .   (armour unavailable)
rPois   .          Reflect  .   (helmet unavailable)
rElec   .          Harm     .   (cloak unavailable)
rCorr   .          Rampage  .   (gloves unavailable)
Will    .....                   (boots unavailable)
Stlth   ++++......              (no amulet)
HPRegen 0.04/turn               (no ring)
MPRegen 0.08/turn               (no ring)

@: corroded, quick
A: very small, claws 1, fangs 3, see invisible, speed 1, shaggy fur 1, stealthy
paws, no weapons or thrown items, no armour, multi-lived
a: no special abilities


You were on level 5 of the Dungeon.
You visited 1 branch of the dungeon, and saw 1 of its levels.

Inventory:

Wands
 e - a wand of digging (3)
Scrolls
 b - a scroll of magic mapping
 c - a scroll of fear
 f - a scroll of teleportation {unknown}
Potions
 d - a potion of haste


   Skills:
 + Level 3.1 Fighting
 + Level 2.8 Dodging
 + Level 7.1 Stealth
 + Level 2.1 Unarmed Combat


You had one spell level left.
You didn't know any spells.
Your spell library was empty.

Dungeon Overview and Level Annotations

Branches:
Dungeon (5/15)
 Temple: D:4-7

Altars:


Innate Abilities, Weirdness & Mutations

You have sharp claws.
You have razor-sharp teeth.
You have supernaturally acute eyesight. (SInv)
You cover ground quickly. (Speed+)
You are covered in fur. (AC +1)
Your paws help you pounce on unaware monsters.
You are incapable of wielding weapons or throwing items.
You cannot wear armour.
You gain extra lives every three experience levels.


Message History

The hound skeleton completely misses you.
The hound skeleton misses you.
You scratch the hound skeleton. You claw the hound skeleton.
You bite the hound skeleton.
The hound skeleton is heavily damaged.
The hound skeleton barely misses you.
You scratch the hound skeleton.
The hound skeleton is severely damaged.
The hound skeleton barely misses you.
You scratch the hound skeleton.
The hound skeleton is severely damaged.
The hound skeleton misses you.
You barely miss the hound skeleton.
The hound skeleton is severely damaged.
The jelly quivers.
The hound skeleton bites you.
You scratch the hound skeleton.
The hound skeleton is almost destroyed.
The hound skeleton misses you. The hound skeleton barely misses you.
As you read the scroll of fog, it crumbles to dust.
The scroll dissolves into smoke.
The hound skeleton barely misses you.
You scratch the hound skeleton.
You destroy the hound skeleton!
Your Stealth skill increases to level 7!
You have reached level 2!
The jelly jiggles.
You scratch the jelly.
Your paws burn!
You bite the jelly.
The jelly is lightly wounded.
The jelly barely misses you.
You scratch the jelly.
Your paws burn!
The jelly is moderately wounded.
The jelly misses you.
You scratch the jelly. The acid corrodes you!
Your paws burn!
* * * LOW HITPOINT WARNING * * *
The jelly is severely wounded.
The jelly hits you.
* * * LOW HITPOINT WARNING * * *
The acid corrodes you!
You are splashed with acid!
Ouch! That really hurt!
You die...

#... #S.. #.... #+#
#....# #.# #
#.....###.#.#
#...§§#§#.#
#...§§§§§.#
#..§§J@§#
#..§§§§§#######
#..§§.§...>...$
#.......#######
######......####+##
#...(..##....#
#.>.....+....##
##......#.....###.
#......#.........


You could see a jelly.

Vanquished Creatures
  A hound skeleton (D:5)
1 creature vanquished.

Notes
Turn   | Place    | Note
-------+----------+-------------------------------------------
     0 | D:5      | cyrus the Felid Delver began the quest for the Orb.
     0 | D:5      | Reached XP level 1. HP: 10/10 MP: 2/2
    37 | D:5      | Noticed a jelly
    50 | D:5      | Reached skill level 7 in Stealth
    50 | D:5      | Reached XP level 2. HP: 13/14 MP: 3/3
    55 | D:5      | Splashed by a jelly's acid

Illustrated notes

Levels and vault maps discovered:
D:5:      layout_basic, nicolae_overflow_crystal_walls,
          minmay_temple_entry_butterflies, gup_sewer_entry_bubbles

Skill      XL: |  1 |
---------------+----+-----
Stealth        | 7 |  7.1
Fighting       | |  3.1
Dodging        | |  2.8
Unarmed Combat | |  2.1

Action                   || total
-------------------------++-------
Melee: Unarmed           ||    13
       Bite              ||     2
       Punch             ||     1
  Use: Scroll            ||     1
Dodge: Dodged            ||    15

Table legend: (Time is in decaauts)
 A = Elapsed time spent in this place.
 B = Non-inter-level travel time spent in this place.
 C = Inter-level travel time spent in this place.
 D = Time resting spent in this place.
 E = Time spent auto-exploring this place.
 F = Levels seen in this place.
 G = Mean time per level.
                   A        B        C        D        E       F      G
               +--------+--------+--------+--------+--------+-----+--------+
         Total |     46 |     46 |      0 |      0 |      0 |   1 |   46.0 |
       Dungeon |     46 |     46 |      0 |      0 |      0 |   1 |   46.0 |
               +--------+--------+--------+--------+--------+-----+--------+

Top non-repeatable levels by time:
     D:5: 46 daAuts
